 Dungeon Crawl Stone Soup version 0.25.1-8-g42b30a86e7 (webtiles) character file.

Game seed: 16740642433800243183

32 gruber the Chiller (level 3, -9/24 HPs)
             Began as a Demonspawn Ice Elementalist on Dec 21, 2020.
             Mangled by Sigmund
             ... wielding a +0 scythe
              (12 damage)
             ... on level 2 of the Dungeon.
             The game lasted 00:01:11 (2361 turns).

gruber the Chiller (Demonspawn Ice Elementalist)    Turns: 2361, Time: 00:01:11

Health: -9/24      AC:  2    Str: 10    XL:     3   Next: 10%
Magic:  3/6        EV:  8    Int: 17    God:
Gold:   37         SH:  0    Dex: 13    Spells: 5/6 levels left

rFire    . . .     SeeInvis .   i - +0 short sword
rCold    + . .     Gourm    .   (no shield)
rNeg     . . .     Faith    .   a - +0 robe
rPois    .         Spirit   .   (no helmet)
rElec    .         Reflect  .   (no cloak)
rCorr    .         Harm     .   (no gloves)
MR       .....                  (no boots)
Stlth    ++........             (no amulet)
HPRegen  0.08/turn              h - -4 ring of evasion (curse)
MPRegen  0.10/turn              (no ring)

@: no status effects
A: cold resistance 1, mutation resistance 1, strong 1
a: no special abilities


You were on level 2 of the Dungeon.
You were not hungry.

You visited 1 branch of the dungeon, and saw 2 of its levels.

You collected 37 gold pieces.

Inventory:

Hand Weapons
 i - a +0 short sword (weapon)
Armour
 a - a +0 robe (worn)
Jewellery
 h - a cursed -4 ring of evasion (left hand)
Scrolls
 d - a scroll of amnesia {unknown}
 g - 2 scrolls of teleportation {unknown}
 k - 2 scrolls of remove curse {unknown}
 l - 2 scrolls of identify {unknown}
Potions
 b - a potion of mutation
 e - a potion of flight {unknown}
 f - a potion of stabbing {unknown}
 j - a potion of brilliance {unknown}
 n - a potion of magic {unknown}
Comestibles
 c - 4 rations


   Skills:
 - Level 1.7 Dodging
 - Level 1.7 Stealth
 - Level 2.0 Spellcasting
 + Level 4.6 Ice Magic


You had 5 spell levels left.
You knew the following spells:

 Your Spells              Type           Power        Failure   Level  Hunger
a - Freeze                Ice            ###.         3%          1    #......

Your spell library contained the following spells:

 Spells                   Type           Power        Failure   Level  Hunger
 Frozen Ramparts          Ice            ###...       9%          3    ###....
 Ozocubu's Armour         Chrm/Ice       #.......     22%         3    ###....
 Hailstorm                Conj/Ice       #.......     58%         4    #####..
 Summon Ice Beast         Ice/Summ       #.......     58%         4    #####..


Dungeon Overview and Level Annotations

Branches:
Dungeon (2/15)

Altars:
Gozag
Xom
Yredelemnul
The Shining One

Annotations:
D:2 1 runed translucent door, Crazy Yiuf, Sigmund


Innate Abilities, Weirdness & Mutations

Your flesh is cold resistant. (rC+)
You are somewhat resistant to further mutation.
Your muscles are strong. (Str +2)


Message History

Aim: Sigmund, wielding a +0 scythe and wearing a +0 robe (moderately wounded)
You freeze Sigmund.
Sigmund is moderately wounded.
Sigmund gestures wildly while chanting.
Sigmund flickers and vanishes!
Deactivating autopickup; reactivate with Ctrl-A.
Casting: Freeze (safe; 3% risk of failure)
Confirm with . or Enter, or press ? or * to list all spells.
You can't see any susceptible monsters within range! (Use Z to cast anyway.)
Casting: Freeze (safe; 3% risk of failure)
Confirm with . or Enter, or press ? or * to list all spells.
You can't see any susceptible monsters within range! (Use Z to cast anyway.) Unknown command.
Casting: Freeze (safe; 3% risk of failure)
Confirm with . or Enter, or press ? or * to list all spells.
Aiming: Freeze (safe; 3% risk of failure)
Press: ? - help, Shift-Dir - straight line You freeze something.
Something hits you!
Ouch! That really hurt!
You die...

........#.... ..
.##.#
#########.#.# ..
#.# # ..####.# #
.....>.### #
.......# ## #
#.#...#.# #. #
##.# #..#.#### #.
# #{## ##......#
#. ##@###..#.##.#
##
.#####.#..##.##.#
#........#.##....#
#(####.....#####.#
#.....#####.#
#...........#
#.....#####.#
#.....# #.#
####### #.###


There were no monsters in sight!

Vanquished Creatures
  A worm (D:2)
  A dart slug (D:1)
  A ball python (D:2)
  2 giant cockroaches (D:1)
  4 goblins (D:1)
  3 hobgoblins (D:1)
  4 kobolds
  4 bats
  5 frilled lizards
  2 rats
27 creatures vanquished.

Notes
Turn   | Place    | Note
-------+----------+-------------------------------------------
     0 | D:1      | gruber the Demonspawn Ice Elementalist began the quest for
                  | the Orb.
     0 | D:1      | Reached XP level 1. HP: 13/13 MP: 3/3
   442 | D:1      | Reached skill level 4 in Ice Magic
   463 | D:1      | Gained mutation: Your flesh is cold resistant. (rC+)
                  | [demonic ancestry]
   463 | D:1      | Reached XP level 2. HP: 13/19 MP: 3/5
  1812 | D:2      | Reached XP level 3. HP: 17/24 MP: 2/6
  1911 | D:2      | Found an opulent altar of Gozag.
  1911 | D:2      | Found a shimmering altar of Xom.
  1911 | D:2      | Found a basalt altar of Yredelemnul.
  1951 | D:2      | Found a runed translucent door.
  1952 | D:2      | Noticed Crazy Yiuf
  2129 | D:2      | Found a glowing golden altar of the Shining One.
  2353 | D:2      | Noticed Sigmund
  2359 | D:2      | Gained mutation: Your muscles are strong. (Str +2) [potion
                  | of mutation]
  2359 | D:2      | Gained mutation: You are somewhat resistant to further
                  | mutation. [potion of mutation]
  2361 | D:2      | Mangled by Sigmund

Illustrated notes

Levels and vault maps discovered:
D:1:      minmay_arrival_loop, layout_basic
D:2:      layout_loops_cross, chequers_temple_overflow_statue_of_worship,
          gammafunk_temple_overflow_pools, nicolae_tso_carved_into_rock,
          uniq_crazy_yiuf_cottage, uniq_sigmund

Skill      XL: |  1 |
---------------+----+-----
Ice Magic      | 4 |  4.6
Dodging        | |  1.7
Stealth        | |  1.7
Spellcasting   | |  2.0

Action                   || total
-------------------------++-------
Melee: Unarmed           ||     7
       Short sword       ||    39
 Cast: Freeze            ||    30
  Use: Potion            ||     1
 Stab: Sleeping          ||     1
  Eat: Chunk             ||     5
Armor: Robe              ||    11
Dodge: Dodged            ||    48
